 Dungeon Crawl Stone Soup version 0.28-a0-1520-gc3277d3759 (webtiles) character file.

Game seed: 762714941178039460

17001 gruber the Earth Mage (level 12, -7/66 HPs)
             Began as a Gargoyle Earth Elementalist on Jan 16, 2022.
             Was a Priest of Vehumet.
             Killed by divine providence
             ... invoked by a meliai
              (10 damage)
             ... on level 12 of the Dungeon on Jan 17, 2022.
             The game lasted 00:22:16 (18862 turns).

gruber the Earth Mage (GrEE)                       Turns: 18862, Time: 00:22:17

Health: -7/66      AC: 21    Str: 14    XL:     12   Next: 43%
Magic:  18/22      EV: 12    Int: 19    God:    Vehumet [***...]
Gold:   691        SH:  5    Dex: 10    Spells: 17/25 levels left

rFire   + . .      SeeInvis .   O - +2 trident (flame)
rCold   + . .      Faith    .   R - +0 buckler
rNeg    + . .      Spirit   .   K - +2 robe {rC+ rF+}
rPois   ∞          Reflect  .   E - +0 helmet
rElec   +          Harm     .   b - +1 cloak
rCorr   .          Rampage  .   U - +2 pair of gloves
Will    .....                   w - +0 pair of boots
Stlth   ++........              (no amulet)
HPRegen 0.21/turn               (no ring)
MPRegen 0.18/turn               (no ring)

@: no status effects
A: sickness immunity, AC +8, negative energy resistance 1, electricity
resistance, torment resistance 1, petrification resistance
a: Renounce Religion


You were on level 12 of the Dungeon.
You worshipped Vehumet.
Vehumet was most pleased with you.
You visited 2 branches of the dungeon, and saw 13 of its levels.
You also visited: Sewer and Bailey.

You collected 691 gold pieces.

Inventory:

Hand Weapons
 e - a +1 dagger of draining
 C - a +4 rapier
 H - a +0 broad axe of venom
 O - a +2 trident of flaming (weapon)
Missiles
 c - 93 stones
 I - 8 poisoned darts
 Q - a throwing net
Armour
 b - a +1 cloak (worn)
 w - a +0 pair of boots (worn)
 E - a +0 helmet (worn)
 K - a +2 robe of resistance (worn)
 R - a +0 buckler (worn)
 U - a +2 pair of gloves (worn)
Jewellery
 d - a ring of fire
Wands
 r - a wand of iceblast (10)
 M - a wand of acid (4)
 N - a wand of flame (29)
 P - a wand of digging (17)
 V - a wand of paralysis (4)
Scrolls
 f - 3 scrolls of magic mapping {unknown}
 g - 14 scrolls of identify {unknown}
 h - a scroll of blinking {unknown}
 l - 7 scrolls of enchant weapon {unknown}
 n - 3 scrolls of noise {unknown}
 o - 8 scrolls of teleportation {unknown}
 s - 2 scrolls of silence {unknown}
 t - 6 scrolls of enchant armour {unknown}
 u - a scroll of summoning {unknown}
 v - a scroll of fog {unknown}
 y - a scroll of fear {unknown}
 A - 4 scrolls of immolation {unknown}
 D - a scroll of brand weapon {unknown}
 F - a scroll of amnesia {unknown}
 J - a scroll of acquirement {unknown}
 S - a scroll of vulnerability {unknown}
Potions
 a - 4 potions of haste
 i - 4 potions of curing {unknown}
 j - a potion of flight {unknown}
 k - 4 potions of might {unknown}
 m - 2 potions of degeneration {unknown}
 p - a potion of mutation {unknown}
 q - 2 potions of invisibility {unknown}
 x - 3 potions of magic {unknown}
 z - a potion of ambrosia {unknown}
 B - 3 potions of attraction {unknown}
 G - 2 potions of heal wounds {unknown}
 L - a potion of cancellation {unknown}
 T - a potion of brilliance


   Skills:
 - Level 4.0 Fighting
 - Level 0.1 Long Blades
 - Level 0.2 Maces & Flails
 - Level 0.1(0.2) Polearms
 - Level 0.2(0.3) Staves
 - Level 0.1 Slings
 - Level 0.2 Bows
 - Level 0.2 Crossbows
 - Level 5.2 Armour
 - Level 4.1 Dodging
 - Level 2.1 Stealth
 - Level 5.1 Shields
 - Level 7.2 Spellcasting
 - Level 10.3 Conjurations
 - Level 0.2 Hexes
 - Level 0.1 Summonings
 - Level 0.2 Necromancy
 - Level 0.4 Translocations
 - Level 0.7 Transmutations
 - Level 0.3 Fire Magic
 - Level 0.3 Ice Magic
 - Level 0.2 Air Magic
 * Level 15.5 Earth Magic
 - Level 0.3 Poison Magic
 - Level 0.3 Invocations


You had 17 spell levels left.
You knew the following spells:

 Your Spells              Type           Power      Damage    Failure   Level
a - Sandblast             Erth           100%       2d20      0%          1
b - Stone Arrow           Conj/Erth      100%       3d13      1%          3
c - Petrify               Tmut/Erth      37%        N/A       4%          4

Your spell library contained the following spells:

 Spells                   Type           Power      Damage    Failure   Level
 Poisonous Vapours        Pois/Air       14%        N/A       4%          2
 Passwall                 Tmut/Erth      30%        N/A       1%          2
 Static Discharge         Conj/Air       26%        N/A       1%          2
 Dazzling Flash           Conj/Hex       52%        N/A       1%          3
 Iskenderun's Mystic Bla  Conj/Tloc      27%        2d7       4%          4
 Sticky Flame             Conj/Fire      27%        2d5       4%          4
 Starburst                Conj/Fire      13%        6d6       45%         6
 Dispel Undead            Necr           7%         3d8       75%         4
 Agony                    Necr           7%         N/A       97%         5
 Silence                  Hex/Air        3%         N/A       97%         5
 Summon Forest            Summ/Tloc      4%         N/A       97%         5
 Summon Mana Viper        Hex/Summ       7%         N/A       97%         5
 Summon Cactus Giant      Summ           3%         N/A       100%        6


Dungeon Overview and Level Annotations

Branches:
Dungeon (12/15)            Temple (1/1) D:4            Lair (0/6) D:8
    Orc (0/2) D:11          Sewer (visited)          Bailey (visited)

Altars:
Ashenzari
Cheibriados
Dithmenos
Elyvilon
Fedhas
Gozag
Hepliaklqana
Kikubaaqudgha
Makhleb
Nemelex Xobeh
Okawaru
Qazlal
Ru
Sif Muna
Trog
Uskayaw
Vehumet
Wu Jian
Xom
Yredelemnul
Zin
The Shining One
Beogh

Shops:
D:4 ?   D:5 *

Portals:
Trove: D:10 (give 2 scrolls of acquirement)


Innate Abilities, Weirdness & Mutations

You are immune to sickness and miasma.
Your stone body is resilient. (AC +8)
You are immune to poison.
You resist negative energy. (rN+)
You are resistant to electric shocks. (rElec)
You are resistant to unholy torment.
You are immune to petrification.


Message History

A centaur warrior comes into view.
The centaur warrior shouts!
The centaur warrior wields a +0 longbow.
The centaur warrior shoots an arrow.
The arrow hits you!!
Casting: Stone Arrow (safe; 1% risk of failure)
Confirm with . or Enter, or press ? or * to list all spells.
Aiming: Stone Arrow (safe; 1% risk of failure)
Press: ? - help, Shift-Dir - straight line, f - centaur warrior
Aim: a centaur warrior, wielding a +0 longbow and quivering arrows (84% to hit)
The stone arrow hits the centaur warrior!
The centaur warrior is moderately wounded.
The centaur warrior shoots an arrow.
The arrow hits you!!
The centaur warrior shoots an arrow.
The arrow hits you!
* * * LOW HITPOINT WARNING * * *
Casting: Stone Arrow (safe; 1% risk of failure)
Confirm with . or Enter, or press ? or * to list all spells.
Aiming: Stone Arrow (safe; 1% risk of failure)
Press: ? - help, Shift-Dir - straight line, f/p - centaur warrior
Aim: a centaur warrior, wielding a +0 longbow and quivering arrows (moderately wounded, 84% to hit)
The stone arrow hits the centaur warrior!!
The centaur warrior is almost dead.
The centaur warrior shoots an arrow.
The arrow closely misses you.
Unknown command.
Casting: Stone Arrow (safe; 1% risk of failure)
Confirm with . or Enter, or press ? or * to list all spells.
Aiming: Stone Arrow (safe; 1% risk of failure)
Press: ? - help, Shift-Dir - straight line, f/p - centaur warrior
Aim: a centaur warrior, wielding a +0 longbow and quivering arrows (almost dead, 84% to hit)
The stone arrow hits the centaur warrior!!
You kill the centaur warrior!
Vehumet accepts your kill.
Unknown command.
A meliai comes into view. It is wielding a +0 hand axe.
The meliai buzzes angrily.
The meliai invokes the aid of its god against you.
Something smites you!
* * * LOW HITPOINT WARNING * * *
The meliai invokes the aid of its god against you.
Something smites you!
You die...

### ##.## #.......... #..#
######+#### ##.# .# #.# #.# #
#<# #.# # #.# ###'##### #
#####+#########.y.....# #
#........##...'.).....#
#######........'@.###.......#
#.....+........#### #.......#
D.#####......).# #.......#
### ######'### #<..[...# #
#..# #...[...# #.## #####'###
#.# ####.# ######.#####
#...[# #..........# #.####


You could see a meliai.

Vanquished Creatures
  2 centaur warriors (D:12)
  3 two-headed ogres
  A deep elf pyromancer (D:12)
  A cyclops (D:12)
  3 ugly things
  Maurice (D:11)
  A gargoyle (D:12)
  4 trolls
  Prince Ribbit (D:5)
  2 hornets
  8 spriggans (Bailey)
  2 shadows
  20 yaks
  6 vampire mosquitoes
  Edmund (D:5)
  An acid dragon (Bailey)
  3 water moccasins
  Duvessa (D:5)
  3 ice beasts
  4 orc warriors
  A sky beast (D:5)
  7 ogres
  2 centaurs
  A phantom (D:5)
  4 bullfrogs
  A gnoll sergeant (D:10)
  2 scorpions
  Blork the orc (D:6)
  A wyvern zombie (D:7)
  Dowan (D:5)
  A water moccasin skeleton (D:3)
  3 killer bees (D:11)
  9 wights
  A howler monkey (D:6)
  2 centaur zombies
  2 jellies
  2 bullfrog skeletons
  4 hounds
  10 orc priests
  4 orc wizards
  A killer bee zombie (D:6)
  A hound skeleton (D:4)
  14 adders
  12 gnolls
  5 river rats
  A shadow imp (D:6)
  A white imp (D:6)
  3 worms
  2 dart slugs
  35 orcs
  10 endoplasms
  10 giant cockroaches
  9 hobgoblins
  3 jackals (D:2)
  9 kobolds
  6 quokkas
  21 ball pythons
  5 bats
  3 frilled lizards
  9 goblins
  24 rats
311 creatures vanquished.

Vanquished Creatures (others)
  5 plants (D:2)
5 creatures vanquished.

Grand Total: 316 creatures vanquished

Notes
Turn   | Place    | Note
-------+----------+-------------------------------------------
     0 | D:1      | gruber the Gargoyle Earth Elementalist began the quest for
                  | the Orb.
     0 | D:1      | Reached XP level 1. HP: 10/10 MP: 3/3
    68 | D:1      | Reached skill level 4 in Earth Magic
   246 | D:1      | Reached XP level 2. HP: 14/15 MP: 0/5
   875 | D:1      | Reached skill level 5 in Earth Magic
   875 | D:1      | Reached XP level 3. HP: 9/19 MP: 4/6
  2330 | D:2      | Reached XP level 4. HP: 24/24 MP: 7/7
  2406 | D:2      | Reached skill level 6 in Earth Magic
  2783 | D:3      | Learned a level 3 spell: Stone Arrow
  2882 | D:3      | Reached XP level 5. HP: 11/28 MP: 1/8
  3143 | D:3      | Found a shimmering blue altar of Sif Muna.
  3158 | D:3      | Reached skill level 7 in Earth Magic
  3798 | D:3      | Reached XP level 6. HP: 32/32 MP: 4/9
  4030 | D:4      | Reached skill level 8 in Earth Magic
  4136 | D:4      | Found a staircase to the Ecumenical Temple.
  4227 | D:4      | Found Totyf's Magic Scroll Emporium.
  4307 | D:4      | Found an ornate altar of the Wu Jian Council.
  4322 | D:4      | Reached skill level 9 in Earth Magic
  4394 | D:4      | Reached XP level 7. HP: 21/36 MP: 4/10
  4427 | D:4      | Found a glowing drain.
  4431 | Sewer    | Entered a sewer
  4965 | Sewer    | Upgraded the game from 0.28-a0-1518-gbe868bca14 to
                  | 0.28-a0-1520-gc3277d3759
  5263 | Sewer    | Reached skill level 10 in Earth Magic
  5977 | D:4      | Found a glowing golden altar of the Shining One.
  6062 | Temple   | Entered the Ecumenical Temple
  6266 | D:5      | Entered Level 5 of the Dungeon
  6307 | D:5      | Reached skill level 11 in Earth Magic
  6307 | D:5      | Reached XP level 8. HP: 41/41 MP: 6/11
  6362 | D:5      | Noticed Edmund
  6370 | D:5      | HP: 1/41 [Edmund (9)]
  6372 | D:5      | Killed Edmund
  6877 | D:5      | Found a glowing silver altar of Zin.
  6880 | D:5      | Found Zin's Purification Station.
  7033 | D:5      | Noticed Prince Ribbit
  7050 | D:5      | Killed Prince Ribbit
  7240 | D:5      | Found a radiant altar of Vehumet.
  7252 | D:5      | Became a worshipper of Vehumet
  7338 | D:5      | Noticed Dowan
  7339 | D:5      | Noticed Duvessa
  7344 | D:5      | Killed Duvessa
  7354 | D:5      | Killed Dowan
  7355 | D:5      | Reached XP level 9. HP: 5/45 MP: 4/14
  8073 | D:6      | Noticed Blork the orc
  8075 | D:6      | Killed Blork the orc
  8098 | D:6      | Found a hide-covered altar of Uskayaw.
  8244 | D:6      | Reached skill level 5 in Spellcasting
  8595 | D:6      | Found a broken altar of Ashenzari.
  8784 | D:6      | Found an iron altar of Okawaru.
  9122 | D:7      | Learned a level 4 spell: Petrify
  9394 | D:7      | Found a flagged portal.
  9398 | Bailey   | Entered a bailey
  9666 | Bailey   | Reached XP level 10. HP: 46/56 MP: 14/20
  9918 | Bailey   | Reached skill level 1 in Armour
 10032 | Bailey   | Noticed a two-headed ogre
 10038 | Bailey   | Killed a two-headed ogre
 10521 | D:7      | Reached * piety under Vehumet
 10521 | D:7      | Offered knowledge of Shock by Vehumet.
 10828 | D:7      | Reached skill level 5 in Armour
 10977 | D:7      | Found a white marble altar of Elyvilon.
 11395 | D:8      | Noticed a two-headed ogre
 11795 | D:8      | Found a hazy altar of Hepliaklqana.
 11808 | D:8      | Killed a two-headed ogre
 11890 | D:8      | Found a sacrificial altar of Ru.
 12426 | D:8      | Found a staircase to the Lair.
 12496 | D:9      | Reached XP level 11. HP: 61/61 MP: 11/21
 12996 | D:9      | Found a burning altar of Makhleb.
 13203 | D:9      | Reached skill level 10 in Conjurations
 13367 | D:9      | Found a snail-covered altar of Cheibriados.
 13766 | D:10     | Entered Level 10 of the Dungeon
 13766 | D:10     | Found a portal to a secret trove of treasure.
 14019 | D:10     | Reached ** piety under Vehumet
 14225 | D:10     | Offered knowledge of Magic Dart by Vehumet.
 14232 | D:10     | Reached skill level 12 in Earth Magic
 15373 | D:11     | Offered knowledge of Poisonous Vapours by Vehumet.
 15507 | D:11     | Found a staircase to the Orcish Mines.
 15697 | D:11     | Noticed a purple ugly thing
 15704 | D:11     | Killed a purple ugly thing
 15705 | D:11     | Reached skill level 13 in Earth Magic
 15813 | D:11     | Reached skill level 1 in Shields
 16665 | D:11     | Noticed Maurice
 16681 | D:11     | Killed Maurice
 16961 | D:11     | Reached skill level 5 in Shields
 17136 | D:11     | Reached *** piety under Vehumet
 17559 | D:12     | Noticed a two-headed ogre
 17562 | D:12     | Killed a two-headed ogre
 17563 | D:12     | Reached XP level 12. HP: 66/66 MP: 17/22
 17666 | D:12     | Reached skill level 14 in Earth Magic
 17970 | D:12     | Noticed a seven-headed hydra
 18355 | D:12     | Identified the +5 chain mail of the Endless Expanse {rF-
                  | Int+4 Dex+4}
 18599 | D:12     | Noticed an eight-headed hydra
 18609 | D:12     | Reached skill level 15 in Earth Magic
 18664 | D:12     | Noticed a centaur warrior
 18675 | D:12     | Killed a centaur warrior
 18831 | D:12     | Noticed a centaur warrior
 18835 | D:12     | Killed a centaur warrior
 18862 | D:12     | HP: 3/66 [meliai/divine providence (12)]
 18862 | D:12     | Killed from afar by a meliai

Illustrated notes

Levels and vault maps discovered:
D:1:      lemuel_arrival_hallway, layout_basic
D:2:      cheibrodos_old_hovel, layout_rooms
D:3:      layout_loops_corners, old_standard_altar
D:4:      layout_basic, nicolae_tso_swordbearing_angel,
          nzn_wu_jian_council_hall, minmay_temple_entry_drinking_statues,
          gup_sewer_entry_bowl, serial_shops, nicolae_shop_trees
D:5:      layout_basic, fiery_altar_vehumet, zin_purify, uniq_duvessa,
          uniq_prince_ribbit1, uniq_edmund
D:6:      layout_basic, lemuel_crystal_altar, general_overflow_altar,
          nicolae_uskayaw_murder_on_the_dancefloor, uniq_blork_the_orc
D:7:      layout_basic, mainiacjoe_overflow_small_starburst, enter_bailey_4
D:8:      layout_basic, mainiacjoe_overflow_brackets,
          mainiacjoe_overflow_alcove_2, lair_entry_dummy, moated_statue
D:9:      layout_loops_cross, chei_slow_surprise, kennysheep_little_box,
          roderic_lattice_a
D:10:     layout_stronghold, enter_trove_2
D:11:     layout_irregular_city, david_orc_5, uniq_maurice
D:12:     layout_roguey, minivault_28
Temple:   compressed_dpeg_triangle_lava_temple

Skill      XL: |  1  2  3  4  5  6  7  8  9 10 11 12 |
---------------+-------------------------------------+-----
Earth Magic    | 4 5 6 7 9 11 13 15 | 15.5
Conjurations   | 6 8 10 | 10.3
Spellcasting   | 3 7 |  7.2
Fighting       | 4 |  4.0
Dodging        | 2 4 |  4.1
Armour         | 5 |  5.2
Shields        | 5 |  5.1
Long Blades    | |  0.1
Maces & Flails | |  0.2
Polearms       | |  0.1
Staves         | |  0.2
Slings         | |  0.1
Bows           | |  0.2
Crossbows      | |  0.2
Stealth        | |  2.1
Hexes          | |  0.2
Summonings     | |  0.1
Necromancy     | |  0.2
Translocations | |  0.4
Transmutations | |  0.7
Fire Magic     | |  0.3
Ice Magic      | |  0.3
Air Magic      | |  0.2
Poison Magic   | |  0.3
Invocations    | |  0.3

Action                   |  1- 3 |  4- 6 |  7- 9 | 10-12 || total
-------------------------+-------+-------+-------+-------++-------
Melee: Unarmed           |    56 |       |       |       ||    56
       Punch             |     4 |     1 |     2 |     1 ||     8
       Dagger            |    95 |    72 |   238 |       ||   405
       Rapier            |       |       |    22 |    34 ||    56
       Trident           |       |       |       |    73 ||    73
Throw: Dart              |       |       |     4 |     1 ||     5
 Cast: Sandblast         |    29 |    38 |    45 |    31 ||   143
       Stone Arrow       |       |       |    49 |   224 ||   273
       Petrify           |       |       |       |     7 ||     7
 Stab: Sleeping          |     1 |     3 |     1 |       ||     5
       Petrified         |       |       |       |     6 ||     6
Armor: Robe              |    81 |    46 |   202 |   113 ||   442
Dodge: Dodged            |   110 |    39 |   251 |   169 ||   569
Block: Buckler           |       |       |       |    17 ||    17

Table legend: (Time is in decaauts)
 A = Elapsed time spent in this place.
 B = Non-inter-level travel time spent in this place.
 C = Inter-level travel time spent in this place.
 D = Time resting spent in this place.
 E = Time spent auto-exploring this place.
 F = Levels seen in this place.
 G = Mean time per level.
                   A        B        C        D        E       F      G
               +--------+--------+--------+--------+--------+-----+--------+
         Total |  18985 |  18348 |    637 |    788 |  14876 |  15 | 1265.7 |
       Dungeon |  16859 |  16240 |    619 |    538 |  13562 |  12 | 1404.9 |
        Temple |    199 |    182 |     17 |      0 |    175 |   1 |  199.0 |
         Sewer |   1075 |   1075 |      0 |     42 |    680 |   1 | 1075.0 |
        Bailey |    850 |    850 |      0 |    208 |    458 |   1 |  850.0 |
               +--------+--------+--------+--------+--------+-----+--------+

Top non-repeatable levels by time:
    D:11: 1995 daAuts
     D:1: 1878 daAuts
     D:7: 1711 daAuts
     D:5: 1598 daAuts
    D:12: 1534 daAuts
    D:10: 1484 daAuts
     D:3: 1307 daAuts
     D:9: 1291 daAuts
     D:8: 1129 daAuts
   Sewer: 1075 daAuts
     D:6: 1057 daAuts
     D:4: 1021 daAuts
  Bailey: 850 daAuts
     D:2: 849 daAuts
  Temple: 199 daAuts
